 Dungeon Crawl Stone Soup version 0.30-a0-989-g0d87f670db (webtiles) character file.

Game seed: 7081503729654770919

25 CryoSword the Poker (level 2, -3/24 HPs)
             Began as a Demonspawn Monk on Apr 4, 2023.
             Killed from afar by Natasha (8 damage)
             ... with a magic dart
             ... on level 2 of the Dungeon.
             The game lasted 00:01:16 (1072 turns).

CryoSword the Poker (Demonspawn Monk)               Turns: 1072, Time: 00:01:16

Health: -3/24      AC:  2    Str: 11    XL:     2   Next: 86%
Magic:  2/2        EV: 12    Int: 11    God:
Gold:   52         SH:  0    Dex: 15    Spells: 1/1 levels left

rFire   . . .      SeeInvis .    a - +0 spear
rCold   . . .      Faith    .    (no shield)
rNeg    . . .      Spirit   .    b - +0 robe
rPois   .          Reflect  .    (no helmet)
rElec   .          Rampage  .    (no cloak)
rCorr   .                        (no gloves)
Will    .....                    (no boots)
Stlth   ++                       (no amulet)
HPRegen 0.24/turn                (no ring)
MPRegen 0.08/turn                (no ring)

@: no status effects
A: hooves 1
a: no special abilities


You were on level 2 of the Dungeon.
You visited 1 branch of the dungeon, and saw 2 of its levels.

You collected 52 gold pieces.

Inventory:

Hand Weapons
 a - a +0 spear (weapon)
Missiles
 g - 5 boomerangs (quivered)
Armour
 b - a +0 robe (worn)
Scrolls
 d - a scroll of torment {unknown}
 e - 3 scrolls of identify {unknown}
Potions
 c - a potion of ambrosia
 f - a potion of lignification {unknown}


   Skills:
 - Level 3.0 Fighting
 + Level 3.7 Polearms
 - Level 2.6 Dodging
 - Level 1.7 Stealth


You had one spell level left.
You didn't know any spells.
Your spell library was empty.

Dungeon Overview and Level Annotations

Branches:
Dungeon (2/15)

Altars:

Shops:
D:1 (

Annotations:
D:2 Natasha


Innate Abilities, Weirdness & Mutations

You have large cloven feet.


Message History

No target in view!
No target in view!
No target in view!
No target in view!
You see here a +0 mace of protection.
You now have 27 gold pieces (gained 1).
Found a stone staircase leading down.
Things that are here:
a +0 short sword; a kobold skeleton
There is an open door here.
There is an open door here.
Done exploring.
Done exploring.
Done exploring.
Done exploring.
There is an escape hatch in the floor here.
You can't go down here!
You open the door.
There is an open door here.
There is an open door here.
There is an open door here.
You see here a +0 short sword.
There is a stone staircase leading down here.
You climb downwards.
Found 5 boomerangs.
There is a stone staircase leading up here.
g - 5 boomerangs
Found a stone staircase leading up.
You now have 32 gold pieces (gained 5).
An endoplasm comes into view.
An endoplasm is nearby!
You reach to attack!
The helpless endoplasm fails to defend itself.
You hit the endoplasm.
You reach to attack!
You hit the endoplasm but do no damage. You hit the endoplasm.
You kill the endoplasm!
No target in view!
No target in view!
No target in view!
No target in view!
No target in view!
No target in view!
You now have 37 gold pieces (gained 5).
A ball python and a worm come into view.
There are monsters nearby!
There are monsters nearby!
Found a scroll labelled LIAREH QIF OLU.
You reach to attack!
The helpless worm fails to defend itself.
You hit the worm. You hit the worm. Your kick misses the worm.
The ball python barely misses you. The ball python misses you.
You hit the worm. Your kick misses the worm. The worm closely misses you.
The ball python bites you. The ball python grabs you.
The ball python constricts you.
You escape the ball python's grasp.
The ball python attacks as you move away!
The ball python closely misses you. The ball python barely misses you.
The ball python attacks as you move away!
The ball python bites you but does no damage.
The ball python closely misses you. The ball python barely misses you.
The ball python misses you.
You closely miss the ball python. You kick the ball python.
The ball python closely misses you. The ball python completely misses you.
You hit the ball python.
You kill the ball python!
You see here a ball python corpse.
Reach: a) +0 spear
Aim: a worm (about 20% to evade your +0 spear)
You reach to attack!
You barely miss the worm.
Reach: a) +0 spear
Aim: a worm (about 20% to evade your +0 spear)
You reach to attack!
You hit the worm.
Reach: a) +0 spear
Aim: a worm (moderately wounded, about 20% to evade your +0 spear)
You barely miss the worm. You kick the worm. You hit the worm but do no damage.
You kick the worm. The worm bites you!
You hit the worm but do no damage. You kick the worm. You hit the worm.
You kick the worm, but do no damage. The worm bites you.
* * * LOW HITPOINT WARNING * * *
Reach: a) +0 spear
Aim: a worm (heavily wounded, about 20% to evade your +0 spear)
You reach to attack!
You hit the worm.
Reach: a) +0 spear
Aim: a worm (severely wounded, about 20% to evade your +0 spear)
You reach to attack!
You hit the worm.
Reach: a) +0 spear
Aim: a worm (severely wounded, about 20% to evade your +0 spear)
You reach to attack!
You hit the worm.
You kill the worm!
You see here a ball python corpse.
A giant cockroach comes into view.
A giant cockroach is nearby!
A giant cockroach is nearby!
A giant cockroach is nearby!
A kobold comes into view. It is wielding a +0 short sword.
The kobold shouts!
You hit the giant cockroach but do no damage.
You kick the giant cockroach.
The giant cockroach bites you but does no damage.
You hit the giant cockroach. The giant cockroach bites you.
You hit the giant cockroach. Your kick misses the giant cockroach.
The giant cockroach bites you but does no damage.
You hit the giant cockroach but do no damage.
You kick the giant cockroach, but do no damage.
The giant cockroach closely misses you.
You hit the giant cockroach but do no damage.
Your kick misses the giant cockroach.
The giant cockroach bites you but does no damage.
The kobold barely misses you.
You hit the giant cockroach.
You kill the giant cockroach!
You hit the kobold.
You kill the kobold!
Found a long sword.
You see here a +0 short sword.
No target in view!
No target in view!
You now have 47 gold pieces (gained 10).
You see here a +0 short sword.
Found a chain mail.
e - 3 scrolls labelled LIAREH QIF OLU (gained 1)
Found a chain mail.
Found a stone staircase leading up.
No target in view!
No target in view!
Found a ring mail.
You now have 52 gold pieces (gained 5).
Found a stone staircase leading down.
Found a stone staircase leading down.
Natasha, Servant of Life and Death comes into view.
Natasha hisses angrily.
You reach to attack!
You hit Natasha but do no damage. You barely miss Natasha.
Your kick misses Natasha. Natasha claws you.
You hit Natasha.
Natasha mumbles some strange words.
You closely miss Natasha. Natasha claws you.
Reach: a) +0 spear
Aim: Natasha (moderately wounded, about 44% to evade your +0 spear)
You miss Natasha. The crimson imp barely misses you. Natasha claws you!
* * * LOW HITPOINT WARNING * * *
Reach: a) +0 spear
Aim: Natasha (moderately wounded, about 44% to evade your +0 spear)
You hit Natasha. Your kick misses Natasha. The crimson imp hits you.
* * * LOW HITPOINT WARNING * * *
Natasha casts a spell at you. The magic dart hits you!
You die...

#.# #...# #.###
### #.# #.. #.# #
#.#######.# #.#
#.........#
#.#..##.#########
#....5.#
#..>.##@# ##.#
#h# # #.# #.# ..#
###


You could see Natasha and a crimson imp (summoned).

Vanquished Creatures
  A worm (D:2)
  2 dart slugs (D:1)
  A bat (D:1)
  An endoplasm (D:2)
  A giant cockroach (D:2)
  2 hobgoblins (D:1)
  3 kobolds
  2 quokkas (D:1)
  3 ball pythons
  A frilled lizard (D:1)
  A goblin (D:1)
  A rat (D:1)
19 creatures vanquished.

Notes
Turn   | Place    | Note
-------+----------+-------------------------------------------
     0 | D:1      | CryoSword the Demonspawn Monk began the quest for the Orb.
     0 | D:1      | Reached XP level 1. HP: 18/18 MP: 1/1
    60 | D:1      | Found Egoogg's Weapon Shoppe.
   187 | D:1      | Discovered your monstrous ancestry.
   187 | D:1      | Gained mutation: You have large cloven feet. [demonic
                  | ancestry]
   187 | D:1      | Reached XP level 2. HP: 21/24 MP: 2/2
  1063 | D:2      | Noticed Natasha
  1070 | D:2      | Noticed a crimson imp
  1072 | D:2      | Killed from afar by Natasha

Illustrated notes

Levels and vault maps discovered:
D:1:      lightli_arrival_statue_moat, layout_basic, serial_shops,
          nicolae_shop_statue_plus
D:2:      layout_loops_ring, uniq_natasha

Skill      XL: |  1 |
---------------+----+-----
Polearms       | 3 |  3.7
Fighting       | |  3.0
Dodging        | |  2.6
Stealth        | |  1.7

Action                     || total
---------------------------++-------
  Melee: Spear             ||    70
         Kick              ||    16
    Use: Scroll            ||     1
   Stab: Sleeping          ||     4
 Armour: Robe              ||     4
  Dodge: Dodged            ||    22

Table legend: (Time is in decaauts)
 A = Elapsed time spent in this place.
 B = Non-inter-level travel time spent in this place.
 C = Inter-level travel time spent in this place.
 D = Time resting spent in this place.
 E = Time spent auto-exploring this place.
 F = Levels seen in this place.
 G = Mean time per level.
                   A        B        C        D        E       F      G
               +--------+--------+--------+--------+--------+-----+--------+
         Total |   1066 |    942 |    124 |      0 |    771 |   2 |  533.0 |
       Dungeon |   1066 |    942 |    124 |      0 |    771 |   2 |  533.0 |
               +--------+--------+--------+--------+--------+-----+--------+

Top non-repeatable levels by time:
     D:1: 776 daAuts
     D:2: 290 daAuts
